 Dungeon Crawl Stone Soup version 0.29.1-12-g30fa7ad0bf (webtiles) character file.

Game seed: 16357568360229568514

2 mopl the Sneak (level 1, 0/13 HPs)
             Began as a Formicid Enchanter on Jan 15, 2023.
             Slain by a gnoll
             ... wielding a +0 flail
              (11 damage)
             ... on level 1 of the Dungeon.
             The game lasted 00:00:23 (109 turns).

mopl the Sneak (Formicid Enchanter)                  Turns: 109, Time: 00:00:24

Health: 0/13       AC:  2    Str: 12    XL:     1   Next: 33%
Magic:  3/3        EV: 12    Int: 14    God:
Gold:   22         SH:  0    Dex: 14    Spells: 4/4 levels left

rFire   . . .      SeeInvis +   a - +1 dagger
rCold   . . .      Faith    .   (no shield)
rNeg    . . .      Spirit   .   b - +0 robe
rPois   .          Reflect  .   (helmet unavailable)
rElec   .          Harm     .   (no cloak)
rCorr   .          Rampage  .   (no gloves)
Will    .....                   (no boots)
Stlth   ++........              (no amulet)
HPRegen 0.04/turn               (no ring)
MPRegen 0.08/turn               (no ring)

@: no status effects
A: permanent stasis, dig shafts and tunnels, antennae 3, four strong arms
a: Dig, Shaft Self


You were on level 1 of the Dungeon.
You visited 1 branch of the dungeon, and saw 1 of its levels.

You collected 22 gold pieces.

Inventory:

Hand Weapons
 a - a +1 dagger (weapon)
Armour
 b - a +0 robe (worn)
Magical Staves
 d - a staff of poison
Scrolls
 f - a scroll of vulnerability {unknown}
Potions
 c - 2 potions of invisibility
 e - 2 potions of heal wounds {unknown}


   Skills:
 + Level 1.0 Short Blades
 - Level 1.7 Dodging
 + Level 3.7 Stealth
 + Level 2.2 Spellcasting
 + Level 3.6 Hexes


You had 4 spell levels left.
You didn't know any spells.
Your spell library contained the following spells:

 Spells                   Type           Power      Damage    Failure   Level
 Confusing Touch          Hex            11%        N/A       16%         3
 Tukima's Dance           Hex            11%        N/A       16%         3
 Ensorcelled Hibernation  Hex/Ice        12%        N/A       17%         2
 Dazzling Flash           Conj/Hex       12%        N/A       32%         3


Dungeon Overview and Level Annotations

Branches:
Dungeon (1/15)

Altars:


Innate Abilities, Weirdness & Mutations

You cannot be hasted, slowed, berserked, paralysed or teleported.
You can dig through walls and to a lower floor.
You have a pair of large antennae on your head. (SInv)
Your four strong arms can wield two-handed weapons with a shield.


Message History

No target in view!
You now have 12 gold pieces.
d - a staff of poison You sense a monster nearby.
A goblin comes into view. It is wielding a +0 club.
A goblin is nearby!
Found 2 metallic purple potions.
The helpless goblin fails to defend itself.
You puncture the goblin!
You kill the goblin!
No target in view!
You sense a monster nearby.
You now have 22 gold pieces (gained 10).
You sense a monster nearby.
No target in view!
No target in view!
A bat comes into view.
The helpless bat fails to defend itself.
You puncture the bat!
You kill the bat!
No target in view!
e - 2 metallic purple potions No target in view!
No target in view!
f - a scroll labelled XEMIUCR INESI No target in view!
A gnoll comes into view. It is wielding a +0 flail.
Found a sapphire potion.
A gnoll is nearby!
You hit the gnoll.
The gnoll is lightly wounded.
The gnoll hits you with a +0 flail.
You hit the gnoll but do no damage.
The gnoll is lightly wounded.
The gnoll misses you.
You closely miss the gnoll.
The gnoll is lightly wounded.
The gnoll hits you with a +0 flail!
Ouch! That really hurt!
You die...

#..........####...
#.#. #.###.####.#
#....##.# #.# #.#
#.# #....###<
#.###.# #.#
#....##©# #.#...##
#.# #########
#.#.##.. ... #####
#.#.##.# #.#
..##©. #.#.##g#
#.# ... #..
#.#.##@# .... #..
#.#.##.###.##....
#..
#.............#..
### ###...........
#.##.###.#.#
#.##.# # #.##.#
#.##.# #...^!


You could see a gnoll.

Vanquished Creatures
  A bat (D:1)
  A goblin (D:1)
  A rat (D:1)
3 creatures vanquished.

Notes
Turn   | Place    | Note
-------+----------+-------------------------------------------
     0 | D:1      | mopl the Formicid Enchanter began the quest for the Orb.
     0 | D:1      | Reached XP level 1. HP: 13/13 MP: 3/3
   109 | D:1      | Slain by a gnoll

Illustrated notes

Levels and vault maps discovered:
D:1:      spicycebolla_arrival_risky_transporter, layout_loops_ring,
          hellmonk_ecumenical_altar_blasted

Action                   || total
-------------------------++-------
Melee: Dagger            ||     6
 Abil: Dig               ||     1
 Stab: Sleeping          ||     2
Dodge: Dodged            ||     1
